 Dungeon Crawl Stone Soup version 0.19-a0-743-ge0d55e4 (webtiles) character file.

35161 qqqbard the Bludgeoner (level 13, -11/177 HPs)
             Began as a Minotaur Fighter on June 23, 2016.
             Was a High Priest of the Shining One.
             Killed from afar by a rime drake (21 damage)
             ... with a flash freeze
             ... on level 6 of the Lair of Beasts.
             The game lasted 00:34:07 (13985 turns).

qqqbard the Bludgeoner (Minotaur Fighter)          Turns: 13985, Time: 00:34:08

Health: -11/177    AC: 21    Str: 29    XL:     13   Next: 46%
Magic:  16/16      EV: 11    Int:  5    God:    the Shining One [*****.]
Gold:   1220       SH: 17    Dex: 15    Spells: 0 memorised, 12 levels left

rFire  + . .     SeeInvis .     N - +1 morningstar (freeze)
rCold  + . .     Gourm    .     R - +1 plate armour of the Grue {-Tele rElec MR+++ Regen+}
rNeg   + + .     Faith    .     F - +2 shield
rPois  +         Spirit   .     (helmet restricted)
rElec  +         Dismiss  .     (no cloak)
rCorr  +         Reflect  .     M - +1 pair of gloves {Dex+3}
SustAt .         Harm     .     c - +0 pair of boots "Epseqyess" {Slay+3}
MR     +++..     NoTele   +     (no amulet)
Stlth  ..........               (no ring)
                                (no ring)

@: berserking, resistant, glowing, very quick, extremely resistant to hostile
enchantments, extremely unstealthy
A: retaliatory headbutt, horns 2, talons 2, large bone plates 1, high mp 1, slow
regeneration 1
a: Divine Shield, Cleansing Flame, Summon Divine Warrior, Renounce Religion


You were on level 6 of the Lair of Beasts.
You worshipped the Shining One.
The Shining One was extremely pleased with you.
You were not hungry.

You visited 3 branches of the dungeon, and saw 19 of its levels.
You visited the Abyss 1 time.
You also visited: Volcano.

You collected 1220 gold pieces.

Inventory:

Hand Weapons
 l - the +6 dire flail "Alu Tini" {antimagic, *Contam rPois Int-4 SInv, unknown}
   (You acquired it on level 1 of the Lair of Beasts)

   It reduces the magical energy of the wielder, and disrupts the spells and
   magical abilities of those hit.
   Natural abilities and divine invocations are not affected.
   It affects your intelligence (-4).
   It protects you from poison.
   It lets you see invisible.
   It causes magical contamination when unequipped.
 D - a +0 morningstar
 N - a +1 morningstar of freezing (weapon)
Armour
 c - the +0 pair of boots "Epseqyess" (worn) {Slay+3}
   (You found it on level 7 of the Dungeon)

   It affects your accuracy and damage with ranged weapons and melee attacks
   (+3).
 F - a +2 shield (worn)
 J - a +1 plate armour of fire resistance
 L - a +1 cloak of fire resistance
 M - a +1 pair of gloves of dexterity (worn)
 R - the +1 plate armour of the Grue (worn) {-Tele rElec MR+++ Regen+}
   (You found it on level 12 of the Dungeon)

   It insulates you from electricity.
   It affects your resistance to hostile enchantments.
   It prevents most forms of teleportation.
   It increases your rate of regeneration.
Rods
 s - a +1 rod of ignition (12/12)
   (You found it on level 5 of the Lair of Beasts)
 v - a +1 rod of clouds (9/9)
   (You found it on level 5 of the Lair of Beasts)
Jewellery
 i - a +5 ring of dexterity {unknown}
 p - an uncursed ring of resist corrosion
 y - the ring of the Madman {Wiz rPois rF+ MR- SInv}
   (You found it on level 4 of the Dungeon)

   [ring of wizardry]

   It improves your spell success rate.
   It protects you from fire.
   It protects you from poison.
   It affects your resistance to hostile enchantments.
   It lets you see invisible.
 K - an uncursed ring of protection from cold {unknown}
 P - an uncursed ring of sustain attributes {unknown}
 V - an uncursed ring of protection from magic
 Y - an uncursed ring of ice
Wands
 k - a wand of disintegration (4/24)
 x - a wand of disintegration (15/24)
Scrolls
 e - 2 scrolls of enchant weapon
 g - 4 scrolls of blinking
 o - 2 scrolls of identify
 q - 6 scrolls of remove curse
 r - 2 scrolls of amnesia
 u - a scroll of fear {unknown}
 B - 7 scrolls of recharging
 C - 7 scrolls of teleportation
 E - 3 scrolls of magic mapping
Potions
 b - 2 potions of haste
 d - 6 potions of might
 h - 3 potions of curing
 j - 3 potions of ambrosia
 n - a potion of lignification
 z - a potion of magic
 G - a potion of resistance
 S - 4 potions of agility
 Z - a potion of cure mutation {unknown}
Books
 H - a book of Misfortune

   Spells                             Type                      Level
   a - Confusing Touch                Hexes                        2
   b - Confuse                        Hexes                        3
   c - Gell's Gravitas                Hexes/Translocation          3
   d - Petrify                        Transmutation/Earth          4
   e - Metabolic Englaciation         Hexes/Ice                    5
   f - Yara's Violent Unravelling     Hexes/Transmutation          5
 Q - a book of Flames

   Spells                             Type                      Level
   a - Flame Tongue                   Conjuration/Fire             1
   b - Throw Flame                    Conjuration/Fire             2
   c - Conjure Flame                  Conjuration/Fire             3
   d - Inner Flame                    Hexes/Fire                   3
   e - Sticky Flame                   Conjuration/Fire             4
   f - Fireball                       Conjuration/Fire             5
 T - a book of the Dragon

   Spells                             Type                      Level
   a - Flame Tongue                   Conjuration/Fire             1
   b - Cause Fear                     Hexes                        4
   c - Bolt of Fire                   Conjuration/Fire             6
   d - Dragon Form                    Transmutation                7
   e - Dragon's Call                  Summoning                    9
Miscellaneous
 O - a sack of spiders
 W - a phantom mirror
Comestibles
 f - 12 bread rations
 m - 9 meat rations
 A - 15 beef jerkies
 I - 9 fruits


   Skills:
 - Level 12.2 Fighting
 - Level 16.4 Maces & Flails
 - Level 10.9 Armour
 * Level 7.6 Dodging
 - Level 10.9 Shields
 * Level 4.3 Invocations
 * Level 4.2 Evocations


You had 12 spell levels left.
You didn't know any spells.

Dungeon Overview and Level Annotations

Branches:
Dungeon (12/15)            Temple (1/1) D:6            Lair (6/6) D:8
 Shoals (0/4) Lair:3        Snake (0/4) Lair:4        Slime (0/5) Lair:5
    Orc (0/2) D:10

Altars:
Ashenzari
Cheibriados
Dithmenos
Elyvilon
Fedhas
Gozag
Hepliaklqana
Kikubaaqudgha
Makhleb
Nemelex Xobeh
Okawaru
Pakellas
Qazlal
Ru
Sif Muna
Trog
Uskayaw
Vehumet
Xom
Yredelemnul
Zin
The Shining One
Jiyva

Shops:
D:6 }


Innate Abilities, Weirdness & Mutations

You reflexively headbutt those who attack you in melee.
You have a pair of horns on your head.
You have razor-sharp toenails.
You are partially covered in large bone plates. (AC +2, SH +2)
You have an increased reservoir of magic. (+10% MP)
You regenerate slowly when monsters are visible.


Message History

The elephant tramples the plant.
The elephant trunk-slaps the plant.
You feel better.
The elephant tramples the plant.
The elephant trunk-slaps the plant but does no damage.
The lindwurm breathes flames at you.
The blast of flame hits the plant. x2; The blast of flame hits you!
You resist.
* * * LOW HITPOINT WARNING * * *
You feel better. The ice encasing you melts away.
You block the rime drake's attack. You block the elephant's attack.
The elephant trunk-slaps you but does no damage.
The elephant tramples you.
* * * LOW HITPOINT WARNING * * *
You stumble backwards!
A red film seems to cover your vision as you go berserk!
You feel yourself moving faster!
You feel mighty! The elephant barely misses you.
You block the elephant's attack.
You feel a strong urge to attack something.
The rime drake breathes ice at you. The flash freeze hits you!
You partially resist.
You die...

..P.......P..P###**
..##k...#.......#.###*##****
..##.....#..........##..,,,**
.........P......P.......,,*,*
.P##%...........P.......,,,**
..#.......#....P........,,,*
..#.P...........P.......,,**
..............kYk...?...,,,*
###.#######...Y.@......?,∩,*
##### #####kPYP#.......,,,*
#.######Y..#.P.##P......,,**
.§......k#.†.####.......,,,**
§≈§.≈≈≈≈≈#............#.,,,,*
.≈≈≈≈....#..............,,,**
..†....#...#............,,,*
##.#########............,,**
*###*******.#..P...,,,,,,,***


You could see 3 elephants, a lindwurm and 2 rime drakes.

Vanquished Creatures
  The ghost of Taran the Grappler, a journeyman TrMo of Hepliaklqana (Lair:3)
  2 hydras
  Fannar (Lair:3)
  3 death yaks (Lair:5)
  A skeletal warrior (D:12)
  2 unseen horrors
  The ghost of blork the Fighter, a novice HOCj of Okawaru (D:7)
  4 hill giants
  13 elephants
  A cyclops (D:11)
  2 black mambas
  A gargoyle (D:11)
  A guardian serpent (D:12)
  Psyche (D:9)
  Joseph (D:7)
  5 spiny frogs
  3 kobold demonologists
  3 rime drakes
  3 komodo dragons
  2 ancient zymes (Abyss:1)
  The ghost of nya the Sneak, a novice VSAs of Dithmenos (D:5)
  A polar bear (Lair:6)
  2 flying skulls (Volcano)
  Sigmund (D:4)
  A vampire (Volcano)
  A wraith (D:12)
  19 yaks
  3 basilisks
  4 hippogriffs
  Grum (D:11)
  2 nagas (Lair:4)
  9 water moccasins
  Edmund (D:5)
  5 hell hounds (Abyss:1)
  5 porcupines
  5 ogres
  2 large abominations (Abyss:1)
  A necrophage (D:10)
  4 orc warriors
  3 ice beasts
  2 black bears
  10 wolves
  6 centaurs
  7 crocodiles
  11 giant frogs
  4 big kobolds (D:11)
  A gnoll sergeant (D:8)
  A water moccasin zombie (D:7)
  2 small abominations (Abyss:1)
  4 scorpions
  6 killer bees (D:9)
  7 wights
  2 electric eels
  2 howler monkeys (D:9)
  4 crimson imps
  A centaur zombie (D:7)
  2 giant frog zombies
  3 jellies
  A giant frog skeleton (D:5)
  7 orc priests
  2 hounds
  8 orc wizards
  2 centaur skeletons
  7 worker ants
  8 iguanas
  15 sheep
  A hound zombie (D:9)
  2 hound skeletons
  2 mummies (Volcano)
  A howler monkey zombie (D:10)
  2 worker ant zombies
  6 gnolls (D:8)
  58 river rats
  12 adders
  3 shadow imps
  An ooze (D:7)
  2 adder zombies
  2 adder skeletons
  3 worms
  5 dart slugs
  3 giant geckos
  40 orcs
  3 bats
  4 giant cockroaches
  10 goblins
  4 hobgoblins
  12 jackals
  4 quokkas
  A ball python (D:4)
  5 giant newts
  2 jackal skeletons (D:5)
  23 kobolds
  4 rats
462 creatures vanquished.

Vanquished Creatures (others)
  3 fungi
  A plant (Lair:3)
4 creatures vanquished.

Grand Total: 466 creatures vanquished

Notes
Turn   | Place    | Note
--------------------------------------------------------------
     0 | D:1      | qqqbard the Minotaur Fighter began the quest for the Orb.
     0 | D:1      | Reached XP level 1. HP: 19/19 MP: 0/0
   222 | D:1      | Reached skill level 3 in Maces & Flails
   329 | D:1      | Reached XP level 2. HP: 26/26 MP: 1/1
   550 | D:1      | Reached skill level 4 in Maces & Flails
   942 | D:2      | Found a blossoming altar of Fedhas.
  1102 | D:2      | Reached XP level 3. HP: 31/31 MP: 2/2
  1603 | D:2      | Reached skill level 5 in Maces & Flails
  1747 | D:3      | Reached XP level 4. HP: 25/39 MP: 3/3
  1758 | D:3      | Found a faded altar of an unknown god.
  1954 | D:3      | Reached skill level 6 in Maces & Flails
  1965 | D:3      | Reached XP level 5. HP: 31/45 MP: 4/4
  2364 | D:4      | You fall through a shaft for 3 floors!
  2401 | D:7      | Noticed blork's ghost (novice HOCj)
  2419 | D:5      | Entered Level 5 of the Dungeon
  2427 | D:5      | Noticed an ice beast
  2440 | D:5      | Killed an ice beast
  2440 | D:5      | Reached skill level 7 in Maces & Flails
  2545 | D:4      | Reached XP level 6. HP: 45/51 MP: 5/5
  2616 | D:4      | Noticed Sigmund
  2623 | D:4      | Killed Sigmund
  2623 | D:4      | Reached skill level 8 in Maces & Flails
  2731 | D:4      | Noticed an orc warrior
  2744 | D:4      | Killed an orc warrior
  2744 | D:4      | Reached skill level 9 in Maces & Flails
  2744 | D:4      | Reached XP level 7. HP: 36/57 MP: 6/6
  2966 | D:4      | Got a transparent tin ring
  3038 | D:4      | Identified the ring of the Madman {Wiz rPois rF+ MR- SInv} (You found it on level 4 of the Dungeon)
  3157 | D:4      | Reached skill level 10 in Maces & Flails
  3432 | D:5      | Noticed nya's ghost (novice VSAs)
  3442 | D:5      | Killed nya's ghost
  3442 | D:5      | Reached XP level 8. HP: 56/66 MP: 7/7
  3494 | D:5      | Noticed Edmund
  3511 | D:5      | Killed Edmund
  3572 | D:5      | Reached skill level 11 in Maces & Flails
  3842 | D:5      | Reached skill level 5 in Fighting
  3899 | D:5      | Reached skill level 5 in Armour
  4216 | D:6      | Reached skill level 5 in Shields
  4286 | D:6      | Found an oddly glowing altar of Pakellas.
  4286 | D:6      | Found Pakellas's Prime Provisions.
  4372 | D:6      | Found a sacrificial altar of Ru.
  4466 | D:6      | Found a staircase to the Ecumenical Temple.
  4475 | Temple   | Entered the Ecumenical Temple
  4498 | Temple   | Became a worshipper of the Shining One
  4871 | D:7      | Got a pair of scorched boots
  4882 | D:7      | Identified the cursed +0 pair of boots "Epseqyess" {Slay+3} (You found it on level 7 of the Dungeon)
  4920 | D:7      | Killed blork's ghost
  4920 | D:7      | Reached skill level 12 in Maces & Flails
  4920 | D:7      | Reached XP level 9. HP: 60/75 MP: 8/8
  5064 | D:7      | Noticed Joseph
  5077 | D:7      | Killed Joseph
  5214 | D:7      | Reached * piety under the Shining One
  5582 | D:8      | Found a staircase to the Lair.
  5594 | D:8      | Found a hide-covered altar of Uskayaw.
  5926 | D:8      | You fall through a shaft!
  5996 | D:9      | Reached skill level 13 in Maces & Flails
  6040 | D:9      | Found an opulent altar of Gozag.
  6040 | D:9      | Found a shimmering altar of Xom.
  6042 | D:9      | Found an ancient bone altar of Kikubaaqudgha.
  6043 | D:9      | Found a basalt altar of Yredelemnul.
  6043 | D:9      | Found a sparkling altar of Nemelex Xobeh.
  6061 | D:9      | Found a radiant altar of Vehumet.
  6061 | D:9      | Found a shadowy altar of Dithmenos.
  6067 | D:9      | Found a stormy altar of Qazlal.
  6108 | D:9      | Noticed Psyche
  6115 | D:9      | Cast into level 1 of the Abyss (Psyche)
  6240 | Abyss:1  | Reached XP level 10. HP: 86/86 MP: 9/9
  6255 | Abyss:1  | Reached ** piety under the Shining One
  6320 | Abyss:1  | Noticed a large abomination
  6363 | Abyss:1  | Noticed a worldbinder
  6409 | Abyss:1  | Killed a large abomination
  6421 | D:9      | Escaped the Abyss
  6424 | D:9      | Killed Psyche
  6879 | D:9      | Reached skill level 14 in Maces & Flails
  7064 | D:10     | Entered Level 10 of the Dungeon
  7096 | D:10     | Noticed a hill giant
  7102 | D:10     | Killed a hill giant
  7174 | D:10     | Noticed a hill giant
  7180 | D:10     | Killed a hill giant
  7180 | D:10     | Reached XP level 11. HP: 90/99 MP: 10/10
  7325 | D:10     | Found a staircase to the Orcish Mines.
  7485 | D:10     | Reached *** piety under the Shining One
  7551 | D:10     | Reached skill level 10 in Fighting
  7749 | D:11     | Noticed a hill giant
  7756 | D:11     | Killed a hill giant
  7821 | D:11     | Noticed a four-headed hydra
  7834 | D:11     | Killed a four-headed hydra
  8102 | D:11     | Noticed a hill giant
  8105 | D:11     | Noticed Grum
  8114 | D:11     | Killed a hill giant
  8141 | D:11     | Noticed an unseen horror
  8148 | D:11     | Killed an unseen horror
  8148 | D:11     | Reached skill level 15 in Maces & Flails
  8701 | D:11     | Killed Grum
  8900 | D:12     | Noticed a skeletal warrior
  8902 | D:12     | Noticed a skeletal warrior
  8902 | D:12     | Reached **** piety under the Shining One
  8902 | D:12     | Noticed a skeletal warrior
  8904 | D:12     | Noticed an unseen horror
  8906 | D:12     | Killed an unseen horror
  8908 | D:12     | Got an encrusted plate armour
  8924 | D:12     | Killed a skeletal warrior
  8943 | D:12     | Identified the cursed +1 plate armour of the Grue {-Tele rElec MR+++ Regen+} (You found it on level 12 of the Dungeon)
  8997 | D:12     | Noticed a death knight
  9140 | Lair:1   | Entered Level 1 of the Lair of Beasts
  9148 | Lair:1   | Reached XP level 12. HP: 66/110 MP: 11/11
  9156 | Lair:1   | Reached skill level 10 in Armour
  9285 | Lair:1   | Identified a scroll of acquirement
  9288 | Lair:1   | Got an ancient dire flail
  9299 | Lair:1   | Reached skill level 10 in Shields
  9819 | Lair:1   | Reached skill level 1 in Dodging
  9986 | Lair:2   | Reached skill level 16 in Maces & Flails
 10300 | Lair:2   | Noticed a seven-headed hydra
 10308 | Lair:2   | Killed a seven-headed hydra
 11100 | Lair:3   | Reached skill level 5 in Dodging
 11140 | Lair:3   | Noticed Taran's ghost (journeyman TrMo)
 11162 | Lair:3   | Killed Taran's ghost
 11282 | Lair:3   | Found a staircase to the Shoals.
 11285 | Lair:3   | Noticed Fannar
 11302 | Lair:3   | Killed Fannar
 12057 | Lair:4   | Reached skill level 1 in Invocations
 12057 | Lair:4   | Reached skill level 1 in Evocations
 12057 | Lair:4   | Reached XP level 13. HP: 114/118 MP: 12/12
 12141 | Lair:4   | Found a staircase to the Snake Pit.
 12844 | Lair:5   | Found a viscous altar of Jiyva.
 12845 | Lair:5   | Found a staircase to the Slime Pits.
 13457 | Lair:6   | Entered Level 6 of the Lair of Beasts
 13468 | Lair:6   | Reached ***** piety under the Shining One
 13513 | Lair:6   | Found a dark tunnel.
 13522 | Volcano  | Entered a volcano
 13881 | Volcano  | Gained mutation: You have an increased reservoir of magic. (+10% MP) [potion of mutation]
 13881 | Volcano  | Gained mutation: You regenerate slowly when monsters are visible. [potion of mutation]
 13881 | Volcano  | Gained mutation: You are partially covered in large bone plates. (AC +2, SH +2) [potion of mutation]
 13882 | Volcano  | Gained mutation: You have sharp toenails. [potion of mutation]
 13882 | Volcano  | Gained mutation: You have razor-sharp toenails. [potion of mutation]
 13985 | Lair:6   | Killed from afar by a rime drake

Vault maps used:
D:1:      dpeg_arrival_snail
D:2:      wad_lake_hut, fedhas_altar_1
D:3:      ecumenical_altar_1, kennysheep_generic_room_11
D:4:      uniq_sigmund
D:5:      first_bread, uniq_edmund
D:6:      nicolae_overflow_crystal_walls, johnstein_pakellas_shop
D:7:      corexii_shack_village, grunt_ogre_cave, uniq_joseph
D:8:      nicolae_overflow_hidden_temple, lair_0_dummy, roderic_roman_lattice
D:9:      grunt_temple_overflow_open, uniq_psyche
D:10:     orc_0_dummy
D:11:     uniq_grum
D:12:     nrook_guardian_serpent_ordinary
Temple:   nicolae_temple_x_marks_the_god
Lair:1:   st_stairs_10, infiniplex_staircase_pool_2
Lair:2:   serial_bayou_lake_a
Lair:3:   minmay_shoals_entry_centaurs, infiniplex_staircase_pool, uniq_fannar
Lair:4:   guppyfry_snake_entry_island, fungi_pond_lemuel,
          cheibrodos_lair_caveside_slide
Lair:5:   dpeg_slime_entry_enclosed_altar, lemuel_fruit_fields
Lair:6:   hangedman_lair_caniforms_friends, guppyfry_lair_end_dragon,
          nicolae_volcano_entry_vermiform, lab_entry_generic,
          minmay_lair_drake_nest, serial_bayou_shore_b, serial_bayou_shore_b
Abyss:1:  minivault_4, serial_sigils_hangedman_snap
Volcano:  volcano_tomb

Skill      XL: |  1  2  3  4  5  6  7  8  9 10 11 12 13 |
---------------+----------------------------------------+-----
Maces & Flails | 3 4 5 6 7 9 10 12 13 14 15 16 | 16.4
Fighting       | 4 5 7 9 11 12 | 12.2
Armour         | 4 5 7 8 9 10 | 10.9
Shields        | 4 5 7 8 9 10 | 10.9
Dodging        | 5 7 |  7.6
Invocations    | 1 4 |  4.3
Evocations     | 1 4 |  4.2

Action                   |  1- 3 |  4- 6 |  7- 9 | 10-12 | 13-15 || total
-------------------------+-------+-------+-------+-------+-------++-------
Melee: Flail             |   112 |    86 |   112 |       |       ||   310
       Headbutt          |    17 |    18 |    58 |   148 |    42 ||   283
       Morningstar       |       |       |   220 |   646 |   139 ||  1005
Invok: Divine Shield     |       |       |       |     3 |       ||     3
  Use: Scroll            |       |       |    14 |    13 |     1 ||    28
       Potion            |       |       |       |     6 |    13 ||    19
  Eat: Chunk             |     2 |     4 |     8 |    12 |     5 ||    31
       Pizza             |       |       |     2 |       |       ||     2
       Fruit             |       |       |       |     7 |     4 ||    11
Armor: Scale mail        |     8 |       |       |       |       ||     8
       Plate armour      |    36 |    43 |   118 |   225 |    82 ||   504
Dodge: Dodged            |    22 |    13 |    39 |   118 |    38 ||   230
Block: Shield            |    36 |    44 |   133 |   388 |    99 ||   700
